 Dungeon Crawl Stone Soup version 0.23.0 (webtiles) character file.

Game seed: 10184116622571144669

5495 Morbidden the Grappler (level 10, 0/84 HPs)
             Began as a White Draconian Necromancer on Feb 11, 2019.
             Was a High Priest of Cheibriados.
             Slain by a troll (17 damage)
             ... on level 9 of the Dungeon on Feb 12, 2019.
             The game lasted 00:25:40 (10456 turns).

Morbidden the Grappler (DrNe)                      Turns: 10456, Time: 00:25:41

Health: 0/84       AC: 10    Str: 27    XL:     10   Next: 42%
Magic:  8/18       EV: 16    Int: 29    God:    Cheibriados [*****.]
Gold:   362        SH:  9    Dex: 24    Spells: 16/20 levels left

rFire    + . .     SeeInvis .     - Unarmed
rCold    + . .     Gourm    +   c - +3 buckler
rNeg     . . .     Faith    .   (armour unavailable)
rPois    +         Spirit   .   (helmet restricted)
rElec    .         Reflect  .   i - +1 cloak {rPois}
rCorr    .         Harm     .   l - +0 pair of gloves
MR       .....                  (no boots)
Stlth    +++.......             q - amulet of the gourmand
HPRegen  0.24/turn              r - ring of protection from fire
MPRegen  0.16/turn              (no ring)

@: very slow
A: breathe frost, unfitting armour, cold resistance 1, cold-blooded, AC +7
a: Breathe Frost, Bend Time, Temporal Distortion, Slouch, Step From Time,
Renounce Religion


You were on level 9 of the Dungeon.
You worshipped Cheibriados.
Cheibriados was extremely pleased with you.
You were completely stuffed.

You visited 1 branch of the dungeon, and saw 9 of its levels.
You also visited: Ossuary.

You collected 362 gold pieces.

Inventory:

Armour
 c - a +3 buckler (worn)
 i - a +1 cloak of poison resistance (worn)
 l - a +0 pair of gloves (worn)
Jewellery
 q - an amulet of the gourmand (around neck)
 r - a ring of protection from fire (left hand)
 t - an uncursed ring of fire
Wands
 m - a wand of flame (44)
Scrolls
 a - 2 scrolls of amnesia
 f - 5 scrolls of teleportation
 g - a scroll of noise
 h - 4 scrolls of magic mapping
 j - a scroll of identify
 k - 2 scrolls of enchant weapon
 p - 3 scrolls of fog
Potions
 e - a potion of ambrosia
 n - a potion of might
 o - a potion of brilliance
 s - a potion of resistance
 v - a potion of lignification
 w - a potion of magic
 x - a potion of flight
Comestibles
 b - 20 rations


   Skills:
 * Level 6.9 Fighting
 + Level 4.4 Dodging
 - Level 2.0 Stealth
 - Level 4.1 Shields
 * Level 9.1 Unarmed Combat
 + Level 5.7 Spellcasting
 - Level 2.1 Charms
 + Level 7.0 Necromancy
 * Level 1.1 Invocations


You had 16 spell levels left.
You knew the following spells:

 Your Spells              Type           Power        Failure   Level  Hunger
a - Pain                  Necr           ####         1%          1    None
b - Regeneration          Chrm/Necr      #####.....   2%          3    None

Your spell library contained the following spells:

 Spells                   Type           Power        Failure   Level  Hunger
 Animate Skeleton         Necr           N/A          1%          1    None
 Vampiric Draining        Necr           #####.....   1%          3    None
 Animate Dead             Necr           N/A          3%          4    ###....


Dungeon Overview and Level Annotations

Branches:
Dungeon (9/15)             Temple (0/1) D:7
   Lair: D:8-11         Orc: D:9-12

Altars:
Ashenzari
Cheibriados
Fedhas
Hepliaklqana
Kikubaaqudgha
Makhleb
Okawaru
Ru
Trog
Uskayaw

Shops:
D:7 *


Innate Abilities, Weirdness & Mutations

You can breathe waves of freezing cold.
You can buffet flying creatures when you breathe cold.
Your icy white scales are hard. (AC +7)
You cannot fit into any form of body armour.
Your flesh is cold resistant. (rC+)
You are cold-blooded and may be slowed by cold attacks.


Message History

Confirm with . or Enter, or press ? or * to list all spells.
Aiming: Pain (safe; 1% risk of failure)
Press: ? - help, Shift-Dir - straight line, f/p - troll
Aim: a troll (almost dead, chance to defeat MR: 84%)
The troll writhes in agony.
The leopard gecko misses you. The troll barely misses you.
You block the troll's attack. The troll claws you but does no damage.
Casting: Pain (safe; 1% risk of failure)
Confirm with . or Enter, or press ? or * to list all spells.
Aiming: Pain (safe; 1% risk of failure)
Press: ? - help, Shift-Dir - straight line, f/p - troll
Aim: a troll (almost dead, chance to defeat MR: 84%)
The troll barely resists.
You block the leopard gecko's attack. The troll barely misses you.
The troll claws you but does no damage. The troll closely misses you.
Unknown command.
Unknown command.
The leopard gecko bites you but does no damage.
You block the leopard gecko's attack. The troll bites you!
You die...

.. ..########
##...#....#
#...%>.....
#..........
#..........
#...%......
#..Tl...... #
#$.@###...#
..#.###...###+###
.................
$................
#...##...<.#....
### #######>...
###


You could see a troll and a leopard gecko.

Vanquished Creatures
  Harold (D:7)
  Joseph (D:7)
  2 hornets (D:8)
  Sigmund (D:4)
  A wyvern (D:8)
  A soldier ant (D:8)
  An ice beast (D:5)
  2 phantoms
  An ogre (D:5)
  A sky beast (D:8)
  A centaur (D:6)
  A big kobold (D:3)
  8 elf zombies
  6 bullfrogs
  A gnoll sergeant (D:8)
  9 killer bees
  2 crimson imps (D:5)
  5 centaur zombies
  4 hounds
  A jelly (D:6)
  8 orc priests
  A centaur skeleton (D:8)
  4 human zombies
  9 orc wizards
  2 iguanas
  Crazy Yiuf (D:3)
  2 human skeletons (D:7)
  4 worker ants
  A hound zombie (D:6)
  2 hound skeletons (D:4)
  3 mummies (Ossuary)
  Robin (D:3)
  2 worker ant zombies
  11 gnolls
  3 adders
  3 shadow imps
  An adder zombie (D:5)
  A worm (D:2)
  6 leopard geckos
  35 orcs
  4 bats
  6 giant cockroaches
  15 goblins
  13 hobgoblins
  7 jackals
  2 quokkas (D:3)
  3 frilled lizards
  6 kobolds
  6 rats
212 creatures vanquished.

Vanquished Creatures (others)
  2 orc wizards
2 creatures vanquished.

Grand Total: 214 creatures vanquished

Notes
Turn   | Place    | Note
-------+----------+-------------------------------------------
     0 | D:1      | Morbidden the Draconian Necromancer began the quest for the
                  | Orb.
     0 | D:1      | Reached XP level 1. HP: 14/14 MP: 3/3
   520 | D:1      | Reached XP level 2. HP: 18/20 MP: 0/5
  1271 | D:2      | Reached XP level 3. HP: 27/27 MP: 1/6
  1339 | D:2      | Found an ancient bone altar of Kikubaaqudgha.
  1557 | D:2      | Reached skill level 1 in Fighting
  1778 | D:2      | Learned a level 3 spell: Regeneration
  1933 | D:2      | Found a sacrificial altar of Ru.
  2070 | D:2      | Found a snail-covered altar of Cheibriados.
  2079 | D:2      | Became a worshipper of Cheibriados the Contemplative
  2086 | D:2      | Found a burning altar of Makhleb.
  2090 | D:2      | Found a blossoming altar of Fedhas.
  2412 | D:3      | Reached skill level 1 in Unarmed Combat
  2550 | D:3      | Reached XP level 4. HP: 33/35 MP: 4/7
  2582 | D:3      | Reached XP level 5. HP: 40/40 MP: 6/8
  3124 | D:3      | Found a hide-covered altar of Uskayaw.
  3213 | D:3      | Noticed Robin
  3238 | D:3      | Reached * piety under Cheibriados
  3303 | D:3      | Killed Robin
  3303 | D:3      | Reached skill level 1 in Shields
  3303 | D:3      | Reached skill level 5 in Necromancy
  3479 | D:3      | Reached skill level 2 in Unarmed Combat
  3479 | D:3      | Reached skill level 1 in Charms
  3516 | D:3      | Reached XP level 6. HP: 5/48 MP: 0/10
  3871 | D:3      | Reached ** piety under Cheibriados
  4119 | D:3      | Found a runed translucent door.
  4120 | D:3      | Noticed Crazy Yiuf
  4370 | D:3      | Killed Crazy Yiuf
  4532 | D:3      | Your scales start taking on an icy white colour.
  4532 | D:3      | Reached XP level 7. HP: 32/56 MP: 1/12
  4532 | D:3      | Gained mutation: Your flesh is cold resistant. (rC+) [White
                  | Draconian growth]
  4786 | D:4      | Reached skill level 3 in Unarmed Combat
  5133 | D:4      | Noticed Sigmund
  5154 | D:4      | Killed Sigmund
  5360 | D:4      | Reached skill level 4 in Unarmed Combat
  5401 | D:4      | Reached *** piety under Cheibriados
  5401 | D:4      | Reached XP level 8. HP: 27/66 MP: 13/13
  5939 | D:5      | Entered Level 5 of the Dungeon
  6290 | D:5      | Reached skill level 5 in Unarmed Combat
  6365 | D:5      | Found a hazy altar of Hepliaklqana.
  6448 | D:5      | Found a shattered altar of Ashenzari.
  6759 | D:6      | Reached **** piety under Cheibriados
  6874 | D:6      | Found an iron altar of Okawaru.
  6874 | D:6      | Found a bloodstained altar of Trog.
  6928 | D:6      | Reached skill level 5 in Fighting
  7216 | D:7      | Reached XP level 9. HP: 57/74 MP: 4/15
  7237 | D:7      | Found Siubb's Assorted Antiques.
  7583 | D:7      | Found a sand-covered staircase.
  7602 | Ossuary  | Entered an ossuary
  7828 | Ossuary  | Reached skill level 6 in Unarmed Combat
  7965 | Ossuary  | Reached ***** piety under Cheibriados
  8109 | Ossuary  | Reached skill level 7 in Unarmed Combat
  8411 | D:7      | Noticed Joseph
  8424 | D:7      | Killed Joseph
  8424 | D:7      | Reached skill level 8 in Unarmed Combat
  8431 | D:7      | Found a staircase to the Ecumenical Temple.
  8510 | D:7      | Noticed Harold
  8520 | D:7      | Reached skill level 5 in Spellcasting
  8543 | D:7      | Killed Harold
  8543 | D:7      | Reached XP level 10. HP: 19/84 MP: 0/18
  9691 | D:8      | Reached skill level 9 in Unarmed Combat
  9691 | D:8      | Reached skill level 1 in Invocations
 10456 | D:9      | Slain by a troll

Skill      XL: |  1  2  3  4  5  6  7  8  9 10 |
---------------+-------------------------------+-----
Dodging        | 2 3 4 |  4.4
Fighting       | 1 2 4 5 6 |  6.9
Stealth        | 2 |  2.0
Unarmed Combat | 1 2 4 5 8 9 |  9.1
Shields        | 1 2 3 4 |  4.1
Necromancy     | 5 6 7 |  7.0
Charms         | 1 2 |  2.1
Spellcasting   | 3 4 5 |  5.7
Invocations    | 1 |  1.1

Action                   |  1- 3 |  4- 6 |  7- 9 | 10-12 || total
-------------------------+-------+-------+-------+-------++-------
Melee: Unarmed           |    97 |   232 |   479 |   106 ||   914
       Tailslap          |     2 |    28 |   120 |    16 ||   166
 Cast: Pain              |    54 |    73 |   115 |    46 ||   288
       Regeneration      |       |     5 |     4 |     2 ||    11
 Abil: Breathe Frost     |       |       |    19 |     4 ||    23
  Use: Potion            |     1 |     7 |     7 |     2 ||    17
       Scroll            |       |     1 |     5 |     6 ||    12
 Stab: Invisible         |       |     3 |       |       ||     3
       Sleeping          |       |       |     3 |     2 ||     5
  Eat: Chunk             |     6 |     3 |     7 |    12 ||    28
       Ration            |       |     1 |     1 |       ||     2
Armor: Skin              |    78 |    80 |   161 |    40 ||   359
Dodge: Dodged            |    50 |   145 |   277 |    93 ||   565
Block: Buckler           |     3 |    70 |   153 |    66 ||   292
